 Dungeon Crawl Stone Soup version 0.24.0-37-gcf1ca852f1 (webtiles) character file.

Game seed: 14065910442135222063, levelgen mode: deterministic

49 DildoBatman the Magician (level 4, -1/30 HPs)
             Began as a Formicid Wizard on Nov 26, 2019.
             Slain by an orc wizard
             ... wielding a +0 dagger
              (2 damage)
             ... on level 3 of the Dungeon.
             The game lasted 00:05:03 (2770 turns).

DildoBatman the Magician (Formicid Wizard)          Turns: 2770, Time: 00:05:04

Health: -1/30      AC:  3    Str: 12    XL:     4   Next: 1%
Magic:  8/8        EV: 12    Int: 18    God:
Gold:   193        SH:  0    Dex:  9    Spells: 3/9 levels left

rFire    . . .     SeeInvis +   e - +0 dagger
rCold    . . .     Gourm    .   (no shield)
rNeg     . . .     Faith    .   a - +0 robe
rPois    .         Spirit   .   (helmet unavailable)
rElec    .         Reflect  .   p - +0 cloak
rCorr    .         Harm     .   (no gloves)
MR       .....                  (no boots)
Stlth    ++........             (no amulet)
HPRegen  0.10/turn              (no ring)
MPRegen  0.11/turn              (no ring)

@: no status effects
A: permanent stasis, dig shafts and tunnels, four strong arms, antennae 3
a: Dig, Shaft Self


You were on level 3 of the Dungeon.
You were near starving.

You visited 1 branch of the dungeon, and saw 3 of its levels.

You collected 193 gold pieces.

Inventory:

Hand Weapons
 e - a +0 dagger (weapon)
 i - a +0 hunting sling
Missiles
 d - 125 stones (quivered)
 h - 44 arrows
 j - 20 poisoned darts
 k - 2 throwing nets
 l - 4 curare-tipped darts
 o - 20 bolts
Armour
 a - a +0 robe (worn)
 p - a +0 cloak (worn)
Scrolls
 b - 4 scrolls of remove curse {unknown}
 f - 2 scrolls of random uselessness {unknown}
 q - a scroll of fog {unknown}
 r - 4 scrolls of magic mapping {unknown}
Potions
 c - 2 potions of curing {unknown}
 g - a potion of brilliance {unknown}
 m - 3 potions of degeneration {unknown}
 n - a potion of haste {unknown}
Comestibles
 v - 9 rations


   Skills:
 - Level 1.7 Dodging
 - Level 2.4 Stealth
 - Level 3.2 Spellcasting
 * Level 3.2 Conjurations
 - Level 1.0 Summonings
   Level 0.8 Translocations


You had 3 spell levels left.
You knew the following spells:

 Your Spells              Type           Power        Failure   Level  Hunger
a - Conjure Flame         Conj/Fire      #.......     24%         3    ###....
b - Call Imp              Summ           #.......     16%         2    ##.....
c - Magic Dart            Conj           ##..         4%          1    None

Your spell library contained the following spells:

 Spells                   Type           Power        Failure   Level  Hunger
 Slow                     Hex            #.......     24%         2    ##.....
 Mephitic Cloud           Conj/Pois/Air  #.......     30%         3    ###....
 Blink                    Tloc           Unusable     N/A         2    N/A

Dungeon Overview and Level Annotations

Branches:
Dungeon (3/15)

Altars:
Ashenzari
Hepliaklqana
Ru

Annotations:
D:1 Terence
D:2 1 exclusion


Innate Abilities, Weirdness & Mutations

You cannot be hasted, slowed, berserked, paralysed or teleported.
You can dig through walls and to a lower floor.
Your four strong arms can wield two-handed weapons with a shield.
You have a pair of large antennae on your head. (SInv)


Message History

What are your orders? t - Shout!
Orders for allies: a - Attack new target. r - Retreat! s - Stop attacking. g - Guard the area. f - Follow me.
Anything else - Cancel.
You shout for attention!
The orc priest hits you but does no damage.
The orc misses you. The orc barely misses you. What are your orders? t - Shout!
Orders for allies: a - Attack new target. r - Retreat! s - Stop attacking. g - Guard the area. f - Follow me.
Anything else - Cancel.
You shout for attention!
The orc priest hits you with a +0 dagger.
The orc wizard hits you with a +0 dagger.
You die...

####### #.>...# #.....#
#.....# ########
#.....######### #.......
#.............###.......
#.......................
#......#########...##.##
#......@oo....###.###.#
#.....ooo...≈.. #.# #.#
#####..o.......$#.###.#
#..........o#..##.#
#..........$#...#.#
##..≈...≈..##.#...##
#........# #.##....
#.######## ..##.###
..###.# #


You could see an orc priest, an orc wizard (invisible) and 4 orcs.

Vanquished Creatures
  An adder (D:2)
  A worm (D:2)
  A dart slug (D:2)
  2 leopard geckos
  2 giant cockroaches
  2 goblins (D:1)
  6 hobgoblins
  A quokka (D:2)
  4 bats
  2 frilled lizards
  4 kobolds (D:1)
  9 rats
35 creatures vanquished.

Notes
Turn   | Place    | Note
-------+----------+-------------------------------------------
     0 | D:1      | DildoBatman the Formicid Wizard began the quest for the
                  | Orb.
     0 | D:1      | Reached XP level 1. HP: 13/13 MP: 4/4
    22 | D:1      | Reached skill level 1 in Conjurations
   308 | D:1      | Reached XP level 2. HP: 9/19 MP: 0/6
  1039 | D:1      | Reached XP level 3. HP: 24/24 MP: 5/7
  1046 | D:1      | Learned a level 3 spell: Conjure Flame
  1049 | D:1      | Learned a level 2 spell: Call Imp
  1375 | D:2      | Found a hazy altar of Hepliaklqana.
  1398 | D:2      | Noticed Terence
  1607 | D:2      | Found a sacrificial altar of Ru.
  1863 | D:2      | Found a shattered altar of Ashenzari.
  2537 | D:2      | Reached XP level 4. HP: 20/30 MP: 0/8
  2770 | D:3      | HP: 1/30 [orc priest/+0 dagger (1)]
  2770 | D:3      | Slain by an orc wizard

Levels and vault maps discovered:
D:1:      dpeg_arrival_water_altar, layout_basic
D:2:      layout_loops_ring, nicolae_ru_awakened_eye, lemuel_crystal_altar,
          nicolae_ashenzari_panopticon, uniq_terence
D:3:      cheibrodos_pilgrimage, layout_rooms, nicolae_overflow_crystal_walls,
          first_ration, minivault_25

Skill      XL: |  1  2  3 |
---------------+----------+-----
Conjurations   | 1 2 3 |  3.2
Dodging        | |  1.7
Stealth        | |  2.4
Spellcasting   | |  3.2
Summonings     | |  1.0
Translocations | |  0.8

Action                   |  1- 3 |  4- 6 || total
-------------------------+-------+-------++-------
Melee: Unarmed           |     7 |       ||     7
       Dagger            |    28 |       ||    28
Throw: Stone             |    10 |       ||    10
 Cast: Magic Dart        |    95 |     1 ||    96
 Abil: Dig               |     7 |       ||     7
  Eat: Chunk             |     5 |       ||     5
Armor: Robe              |     7 |     1 ||     8
Dodge: Dodged            |    33 |    10 ||    43
